cohdb
Replays
Latest Replays
All Replays
Popular Replays
Top Player Replays
Match Explorer
How It Works
Community
CoH3 Stats
Reddit
Sign in to upload your games and track your stats! →
Sign in with Steam
Match 43274160
Unlisted
Match 43274160
Overview
Messages
Build Orders
End
Construct Infanterie Kompanie
Grenadier Squad
Grenadier Squad
MG 42 Machine Gun Team
Grenadier Squad
Medical Station
GrW 34 Mortar Team
Construct Luftwaffe Kompanie
Jäger Squad
MG 42 Bunker
Construct Panzer Kompanie
Pioneer Squad
Selects Breakthrough Battlegroup
Selects 2.5-tonne Cargo Truck
Selects Blitzkrieg
Panzer IV Medium Tank
Stoßtruppen Squad
Construct Panzergrenadier Kompanie
Support Elements
Nebelwerfer 42 Rocket Launcher Team
Selects Tiger Heavy Tank
Selects Assault Grenadiers
Tiger Heavy Tank
Selects Smoke Bombing Run
251 Medium Carrier
Selects Incendiary Bombing Run
Panzer IV Medium Tank
Incendiary Bombing Run
Side Skirts
Pioneer Squad
Incendiary Bombing Run
Incendiary Bombing Run
Incendiary Bombing Run
Tiger Heavy Tank
Panzer IV Medium Tank
251 Medium Carrier
Incendiary Bombing Run
Panzer IV Medium Tank
Incendiary Bombing Run
Incendiary Bombing Run
Tiger Heavy Tank
Panzer IV Medium Tank
Panzergrenadier Squad
ShitKunt44
Naveed #No2IRGC
ssukeong
Siso
✡FOR THE GLORY OF KATHERINE✡
champ_s
Guibean
Fuzy
0
0
Comments
sign in to comment!
No comments posted yet!